cohdb
Replays
Latest Replays
All Replays
Popular Replays
Top Player Replays
Match Explorer
How It Works
Community
CoH3 Stats
Reddit
Sign in to upload your games and track your stats! →
Sign in with Steam
Match 46182412
Unlisted
Match 46182412
Overview
Messages
Build Orders
End
Kradschützen Motorcycle Team
Panzergrenadier Squad
250 Light Carrier
Panzergrenadier Squad
Construct Light Support Kompanie
MG34 Team
Selects Armored Support Battlegroup
Selects Veteran Gunners
Panzerjäger Mechanized Group
Panzerjäger Squad
Construct Mechanized Kompanie
MG34 Team
Marder III Tank Destroyer
Marder III Tank Destroyer
Panzerjäger Mechanized Group
Selects Salvage Kits
Marder III Tank Destroyer
ToYson
砍人怪
Esxile
ZELOT
0
0
Comments
sign in to comment!
No comments posted yet!